 Dungeon Crawl Stone Soup version 0.26-a0-652-gafc20e3620 (webtiles) character file.

Game seed: 4383189872227512968

51 Kraken2834 the Caller (level 3, 0/25 HPs)
             Began as a Merfolk Summoner on Oct 2, 2020.
             Slain by a hobgoblin
             ... wielding a +0 club
             ... led by Robin
              (11 damage)
             ... on level 2 of the Dungeon.
             The game lasted 00:10:03 (2130 turns).

Kraken2834 the Caller (Merfolk Summoner)            Turns: 2130, Time: 00:10:04

Health: 0/25       AC:  4    Str:  8    XL:     3   Next: 81%
Magic:  0/6        EV: 13    Int: 15    God:
Gold:   85         SH:  0    Dex: 14    Spells: 6/7 levels left

rFire    . . .     SeeInvis .   b - +0 dagger
rCold    . . .     Faith    .   (no shield)
rNeg     . . .     Spirit   +   a - +1 robe
rPois    .         Reflect  .   (no helmet)
rElec    .         Harm     .   (no cloak)
rCorr    .         Rampage  .   f - +0 pair of gloves
MR       .....                  (no boots)
Stlth    ++........             d - amulet of guardian spirit
HPRegen  0.08/turn              (no ring)
MPRegen  0.10/turn              (no ring)

@: no status effects
A: change form in water, swift swim, stealthy swim
a: no special abilities


You were on level 2 of the Dungeon.
You visited 1 branch of the dungeon, and saw 2 of its levels.

You collected 85 gold pieces.

Inventory:

Hand Weapons
 b - a +0 dagger (weapon)
Armour
 a - a +1 robe (worn)
 f - a +0 pair of gloves (worn)
Jewellery
 d - an amulet of guardian spirit (around neck)
Scrolls
 c - a scroll of fear
 e - a scroll of teleportation
 h - a scroll of enchant weapon {unknown}


   Skills:
 * Level 0.7 Fighting
 * Level 2.1 Short Blades
 - Level 2.9 Dodging
 - Level 2.3 Stealth
 - Level 0.1 Unarmed Combat
 * Level 2.5 Spellcasting
 + Level 4.3 Summonings


You had 6 spell levels left.
You knew the following spells:

 Your Spells              Type           Power        Failure   Level
a - Summon Small Mammal   Summ           ##..         3%          1

Your spell library contained the following spells:

 Spells                   Type           Power        Failure   Level
 Call Imp                 Summ           ##......     5%          2
 Call Canine Familiar     Summ           ##......     11%         3
 Summon Guardian Golem    Hex/Summ       #.......     26%         3
 Summon Ice Beast         Ice/Summ       #.......     65%         4
 Summon Lightning Spire   Summ/Air       #.......     65%         4


Dungeon Overview and Level Annotations

Branches:
Dungeon (2/15)

Altars:

Annotations:
D:2 Robin


Message History

You are too injured to fight recklessly!
You are too injured to fight recklessly!
You are too injured to fight recklessly!
You are too injured to fight recklessly!
You are too injured to fight recklessly!
You are too injured to fight recklessly!
You are too injured to fight recklessly!
You are too injured to fight recklessly!
You are too injured to fight recklessly!
Sorry, you're not good enough to have a special ability.
Casting: Summon Small Mammal (safe; 3% risk of failure)
Confirm with . or Enter, or press ? or * to list all spells.
The goblin hits you but does no damage.
Casting: Summon Small Mammal (safe; 3% risk of failure)
Confirm with . or Enter, or press ? or * to list all spells.
The hobgoblin completely misses you. The goblin barely misses you.
You hit the goblin but do no damage.
Your bat hits the hobgoblin but does no damage.
The hobgoblin hits you with a +0 club!
You die...

## #....## .#
#.#..# . ...#..#.
# ##. #..####..#.
#. #..
#.##..........
##g##.#
#.##.#####....
##.gg#b# #.#
##.#.. #..gggg#
#.# #.###..... #@#
#.# #[........ #r#
#.# #####..... #.#
#.########.#.. #.#
#.#.....##.#..
#.###..........#..
#...........####..
#######...........
#.....####..
####### #..


You could see Robin, a hobgoblin (strong), 5 goblins, a friendly quokka
(summoned) and a friendly bat (summoned).

Vanquished Creatures
  6 bats
  A giant cockroach (D:1)
  10 goblins
  5 hobgoblins
  2 jackals (D:2)
  6 frilled lizards
  3 kobolds
  5 rats
38 creatures vanquished.

Vanquished Creatures (collateral kills)
  An adder (D:2)
  A bat (D:1)
  2 jackals (D:2)
  A kobold (D:1)
5 creatures vanquished.

Grand Total: 43 creatures vanquished

Notes
Turn   | Place    | Note
-------+----------+-------------------------------------------
     0 | D:1      | Kraken2834 the Merfolk Summoner began the quest for the
                  | Orb.
     0 | D:1      | Reached XP level 1. HP: 13/13 MP: 3/3
   335 | D:1      | Reached XP level 2. HP: 4/19 MP: 0/5
  1285 | D:2      | Reached XP level 3. HP: 20/25 MP: 4/6
  1309 | D:2      | Reached skill level 1 in Short Blades
  2119 | D:2      | Noticed Robin
  2130 | D:2      | Slain by a hobgoblin

Illustrated notes

Levels and vault maps discovered:
D:1:      wander_arrival_chamber, layout_loops_ring
D:2:      layout_loops_ring, nicolae_overflow_crystal_walls, uniq_robin

Skill      XL: |  1  2  3 |
---------------+----------+-----
Short Blades   | 2 |  2.1
Fighting       | |  0.7
Dodging        | |  2.9
Stealth        | |  2.3
Unarmed Combat | |  0.1
Spellcasting   | |  2.5
Summonings     | |  4.3

Action                   || total
-------------------------++-------
Melee: Unarmed           ||    74
       Dagger            ||   145
 Cast: Summon Small Mamm ||    12
  Use: Scroll            ||     7
       Potion            ||     4
 Stab: Sleeping          ||     4
Armor: Robe              ||    61
Dodge: Dodged            ||   172

Table legend: (Time is in decaauts)
 A = Elapsed time spent in this place.
 B = Non-inter-level travel time spent in this place.
 C = Inter-level travel time spent in this place.
 D = Time resting spent in this place.
 E = Time spent auto-exploring this place.
 F = Levels seen in this place.
 G = Mean time per level.
                   A        B        C        D        E       F      G
               +--------+--------+--------+--------+--------+-----+--------+
         Total |   2135 |   2124 |     11 |    303 |   1295 |   2 | 1067.5 |
       Dungeon |   2135 |   2124 |     11 |    303 |   1295 |   2 | 1067.5 |
               +--------+--------+--------+--------+--------+-----+--------+

Top non-repeatable levels by time:
     D:1: 1276 daAuts
     D:2: 859 daAuts
